 Dungeon Crawl Stone Soup version 0.28-a0-245-g639a1a48b9 (webtiles) character file.

Game seed: 17127251553141697967

1969 hatdisgam the Cleaver (level 9, -3/67 (68) HPs)
             Began as a Formicid Fighter on Aug 24, 2021.
             Was a Follower of Dithmenos.
             Slain by a two-headed ogre (23 damage)
             ... on level 5 of the Dungeon.
             The game lasted 00:08:49 (6286 turns).

hatdisgam the Cleaver (Formicid Fighter)            Turns: 6286, Time: 00:08:50

HP:   -3/67 (68)    AC:  9    Str: 22    XL:     9   Next: 43%
MP:   9/9           EV: 11    Int: 13    God:    Dithmenos [*.....]
Gold: 308           SH:  9    Dex:  7    Spells: 8/8 levels left

rFire   . . .      SeeInvis +   a - +0 war axe
rCold   . . .      Faith    .   c - +0 kite shield
rNeg    . . .      Spirit   .   C - +4 troll leather armour of Veluaw {Rampage Regen+ Int+3 Dex-3}
rPois   .          Reflect  .   (helmet unavailable)
rElec   .          Harm     .   (no cloak)
rCorr   .          Rampage  +   (no gloves)
Will    +....                   r - +0 pair of boots
Stlth   +.........              t - amulet of regeneration
HPRegen 2.21/turn               u - ring of willpower
MPRegen 0.11/turn               (no ring)

@: wreathed by umbra, lightly drained
A: permanent stasis, dig shafts and tunnels, antennae 3, four strong arms
a: Dig, Shaft Self, Renounce Religion


You were on level 5 of the Dungeon.
You worshipped Dithmenos.
Dithmenos was aware of your devotion.
You visited 2 branches of the dungeon, and saw 8 of its levels.

You collected 308 gold pieces.

Inventory:

Hand Weapons
 a - a +0 war axe (weapon)
 D - a +5 trident
Missiles
 f - 3 throwing nets
Armour
 b - a +0 scale mail
 c - a +0 kite shield (worn)
 i - a +0 plate armour
 r - a +0 pair of boots (worn)
 C - the +4 troll leather armour of Veluaw (worn) {Rampage Regen+ Int+3 Dex-3}
   (You found it on level 5 of the Dungeon)

   Int:       It affects your intelligence (+3).
   Dex:       It affects your dexterity (-3).
   Regen:     It increases your rate of health regeneration.
   Rampage:   It bestows one free step when moving towards enemies.
Jewellery
 e - a ring of ice
 t - an amulet of regeneration (around neck)
 u - a ring of willpower (left hand)
Wands
 j - a wand of polymorph (6)
 q - a wand of iceblast (8)
 B - a wand of digging (6)
Scrolls
 h - 3 scrolls of enchant armour {unknown}
 k - 2 scrolls of silence {unknown}
 n - 2 scrolls of identify {unknown}
 o - 2 scrolls of teleportation {unknown}
 x - a scroll of fear {unknown}
 y - a scroll of amnesia {unknown}
 A - 3 scrolls of fog {unknown}
 E - a scroll of holy word {unknown}
 F - a scroll of magic mapping {unknown}
Potions
 d - a potion of ambrosia {unknown}
 g - a potion of resistance {unknown}
 l - a potion of curing {unknown}
 m - a potion of attraction {unknown}
 p - a potion of brilliance {unknown}
 s - a potion of lignification {unknown}
 v - a potion of flight {unknown}
 w - a potion of mutation {unknown}
 z - a potion of might


   Skills:
 - Level 5.4 Fighting
 * Level 8.6 Axes
 + Level 3.9 Armour
 - Level 3.1 Dodging
 + Level 7.9 Shields


You had 8 spell levels left.
You didn't know any spells.
Your spell library contained the following spells:

 Spells                   Type           Power      Damage    Failure   Level
 Sting                    Tmut/Pois      0%         1d3       41%         1
 Lesser Beckoning         Tloc           0%         N/A       80%         3
 Manifold Assault         Tloc           0%         N/A       100%        5
 Eringya's Noxious Bog    Tmut/Pois      0%         N/A       100%        6
 Summon Horrible Things   Summ           0%         N/A       100%        8
 Blink                    Tloc           Unusable   N/A       N/A         2

Dungeon Overview and Level Annotations

Branches:
Dungeon (7/15)             Temple (1/1) D:5

Altars:
Ashenzari
Cheibriados
Dithmenos
Fedhas
Gozag
Hepliaklqana
Kikubaaqudgha
Makhleb
Nemelex Xobeh
Okawaru
Qazlal
Sif Muna
Trog
Vehumet
Xom
Yredelemnul
Zin
The Shining One

Shops:
D:6 [


Innate Abilities, Weirdness & Mutations

You cannot be hasted, slowed, berserked, paralysed or teleported.
You can dig through walls and to a lower floor.
You have a pair of large antennae on your head. (SInv)
Your four strong arms can wield two-handed weapons with a shield.


Message History

There is an open door here.
Found a scroll labelled KOOMOA MUSKER.
A two-headed ogre comes into view. It is wielding two +0 giant clubs.
Found 7 gold pieces.
You see here a scroll labelled KOOMOA MUSKER.
The two-headed ogre hits you with a +0 giant club!
The two-headed ogre hits you with a +0 giant club.
You barely miss the two-headed ogre. The two-headed ogre barely misses you.
You block the two-headed ogre's attack.
You closely miss the two-headed ogre.
The two-headed ogre hits you with a +0 giant club!
You block the two-headed ogre's attack.
You see here a scroll labelled KOOMOA MUSKER.
Aiming: Iceblast
Press: ? - help, Shift-Dir - straight line, f - two-headed ogre
Aim: a two-headed ogre, wielding two +0 giant clubs The mass of ice explodes!
The iceblast engulfs the two-headed ogre!
The two-headed ogre is lightly wounded.
Your troll leather armour of Veluaw prevents you from hitting the two-headed ogre.
The two-headed ogre is lightly wounded.
The two-headed ogre hits you with a +0 giant club!!
You block the two-headed ogre's attack.
You barely miss the two-headed ogre.
The two-headed ogre is lightly wounded.
The two-headed ogre hits you with a +0 giant club!
You block the two-headed ogre's attack.
Items here: )) [[ †.
You block the two-headed ogre's attack. The two-headed ogre misses you.
There is a stone staircase leading up here.
The two-headed ogre hits you with a +0 giant club.
The two-headed ogre completely misses you.
You climb upwards.
There is a stone staircase leading down here.
Unknown command.
The two-headed ogre hits you with a +0 giant club!! x2
* * * LOW HITPOINT WARNING * * *
The two-headed ogre closely misses you.
The two-headed ogre hits you with a +0 giant club!!
You die...

#.......#.....#....##....#
#<......#.....†....#######
#......[#.....#.....#
#####.......##....##....#
.[.........>########...##
...##.......##....##...##
...##.......##..........#
....#.......#...........#
....#.......#.>.@.......#
....#.......##.O<.##....#
....#.......#######.....#
...##........# #[...##
#'###........# ######
...##.......##
...########## .>..# ....#


You could see a two-headed ogre.

Vanquished Creatures
  A wyvern (D:7)
  2 water moccasins
  Duvessa (D:4)
  2 orc warriors (D:6)
  2 black bears
  An ogre (D:4)
  A centaur (D:6)
  A phantom (D:4)
  2 bullfrogs (D:7)
  Dowan (D:4)
  4 wights (D:6)
  A centaur zombie (D:6)
  2 hounds
  3 jellies (D:5)
  An orc priest (D:6)
  A centaur skeleton (D:5)
  Ijyb (D:3)
  4 orc wizards
  A killer bee zombie (D:7)
  A hound skeleton (D:5)
  6 adders
  A white imp (D:3)
  An ufetubus (D:4)
  2 adder skeletons
  3 worms
  A dart slug (D:2)
  10 orcs
  13 ball pythons
  8 endoplasms
  3 giant cockroaches
  5 goblins
  6 hobgoblins
  5 jackals
  3 kobolds
  A quokka (D:4)
  7 bats
  4 frilled lizards
  3 rats
115 creatures vanquished.

Vanquished Creatures (others)
  A bush (D:4)
  A plant (D:4)
2 creatures vanquished.

Grand Total: 117 creatures vanquished

Notes
Turn   | Place    | Note
-------+----------+-------------------------------------------
     0 | D:1      | hatdisgam the Formicid Fighter began the quest for the Orb.
     0 | D:1      | Reached XP level 1. HP: 18/18 MP: 1/1
   534 | D:1      | Reached XP level 2. HP: 17/24 MP: 2/2
   767 | D:1      | Reached XP level 3. HP: 26/29 MP: 3/3
  1202 | D:2      | Reached skill level 1 in Dodging
  1337 | D:2      | Reached skill level 3 in Axes
  1406 | D:2      | Reached XP level 4. HP: 26/35 MP: 4/4
  2370 | D:3      | Reached XP level 5. HP: 33/41 MP: 5/5
  2484 | D:3      | Got the Incunabulum of Calling and Toxins
  2833 | D:3      | Reached skill level 4 in Axes
  2899 | D:3      | Found an iron altar of Okawaru.
  2900 | D:3      | Noticed Ijyb
  3003 | D:3      | Killed Ijyb
  3199 | D:4      | Noticed an ogre
  3318 | D:4      | Reached XP level 6. HP: 47/47 MP: 6/6
  3354 | D:4      | Noticed a black bear
  3356 | D:4      | Killed a black bear
  3357 | D:4      | Reached skill level 5 in Shields
  3474 | D:4      | Noticed Duvessa
  3487 | D:4      | Killed Duvessa
  3488 | D:4      | Reached skill level 5 in Axes
  3488 | D:4      | Reached XP level 7. HP: 35/52 MP: 7/7
  3490 | D:4      | Noticed Dowan
  3493 | D:4      | Killed Dowan
  3700 | D:4      | Noticed a water moccasin
  3704 | D:4      | You fall into a shaft and drop 3 floors!
  3704 | D:7      | Noticed a wyvern
  3712 | D:7      | Killed a wyvern
  3837 | D:7      | Noticed a water moccasin
  3842 | D:7      | Killed a water moccasin
  3843 | D:7      | Reached skill level 6 in Axes
  3847 | D:7      | Reached XP level 8. HP: 53/60 MP: 8/8
  4103 | D:6      | Found an ancient bone altar of Kikubaaqudgha.
  4157 | D:5      | Entered Level 5 of the Dungeon
  4176 | D:5      | Found a staircase to the Ecumenical Temple.
  4193 | Temple   | Entered the Ecumenical Temple
  4623 | Temple   | Became a worshipper of Dithmenos the Shadowed
  4737 | D:4      | Reached skill level 7 in Axes
  5282 | D:5      | Found a broken altar of Ashenzari.
  5328 | D:5      | Found a shimmering altar of Xom.
  5361 | D:5      | Found a bloodstained altar of Trog.
  5451 | D:5      | Reached skill level 5 in Fighting
  5451 | D:5      | Reached XP level 9. HP: 59/68 MP: 9/9
  5588 | D:5      | Reached * piety under Dithmenos
  5743 | D:5      | Identified the +4 troll leather armour of Veluaw {Rampage
                  | Regen+ Int+3 Dex-3}
  5887 | D:6      | Reached skill level 8 in Axes
  6029 | D:6      | Found Baommaen's Armour Shoppe.
  6169 | D:6      | Found a hazy altar of Hepliaklqana.
  6249 | D:6      | Noticed a two-headed ogre
  6286 | D:5      | Slain by a two-headed ogre

Illustrated notes

Levels and vault maps discovered:
D:1:      sevenhm_arrival_forest_fort_large_2, layout_rooms, roderic_lattice_a
D:2:      layout_basic
D:3:      layout_basic, mainiacjoe_overflow_catwalk, grunt_ministairs_5,
          uniq_ijyb
D:4:      layout_loops_ring, minmay_hedge_maze, saegor_snake_ambush,
          uniq_duvessa
D:5:      layout_gridville, cheibrodos_ashenzari_chains, kennysheep_little_box,
          bloody_trog, minmay_temple_entry_crystal_x
D:6:      layout_basic, amcnicky_altar_gilded,
          mainiacjoe_overflow_small_starburst, mainiacjoe_overflow_alcove_2,
          serial_shops, shop, hangedman_decor_points
D:7:      layout_basic, nicolae_uskayaw_suspiria, lemuel_doored_altar,
          kennysheep_generic_room_3
Temple:   minmay_temple_forest_path

Skill      XL: |  1  2  3  4  5  6  7  8  9 |
---------------+----------------------------+-----
Shields        | 4 5 6 7 |  7.9
Dodging        | 1 2 3 |  3.1
Axes           | 3 4 5 6 7 8 |  8.6
Fighting       | 5 |  5.4
Armour         | |  3.9

Action                   |  1- 3 |  4- 6 |  7- 9 || total
-------------------------+-------+-------+-------++-------
Melee: War axe           |    92 |   171 |   220 ||   483
 Abil: Dig               |       |     2 |       ||     2
       Shaft Self        |       |       |     1 ||     1
Evoke: Wand              |       |     2 |     4 ||     6
  Use: Potion            |       |     1 |       ||     1
 Stab: Distracted        |       |       |     1 ||     1
Armor: Scale mail        |    34 |       |       ||    34
       Plate armour      |    22 |   119 |    94 ||   235
       Troll leather arm |       |       |    19 ||    19
Dodge: Dodged            |    28 |    36 |    75 ||   139
Block: Kite shield       |    52 |    95 |   124 ||   271

Table legend: (Time is in decaauts)
 A = Elapsed time spent in this place.
 B = Non-inter-level travel time spent in this place.
 C = Inter-level travel time spent in this place.
 D = Time resting spent in this place.
 E = Time spent auto-exploring this place.
 F = Levels seen in this place.
 G = Mean time per level.
                   A        B        C        D        E       F      G
               +--------+--------+--------+--------+--------+-----+--------+
         Total |   6484 |   6151 |    333 |    504 |   4362 |   8 |  810.5 |
       Dungeon |   6015 |   5762 |    253 |    504 |   3987 |   7 |  859.3 |
        Temple |    469 |    389 |     80 |      0 |    375 |   1 |  469.0 |
               +--------+--------+--------+--------+--------+-----+--------+

Top non-repeatable levels by time:
     D:2: 1197 daAuts
     D:1: 1158 daAuts
     D:4: 1065 daAuts
     D:3: 1003 daAuts
     D:5: 690 daAuts
     D:6: 537 daAuts
  Temple: 469 daAuts
     D:7: 364 daAuts
